 Dungeon Crawl Stone Soup version 0.31-a0-844-gdc52ec4e09 (webtiles) character file.

Game seed: 10213243306905069045

7 Kurtz the Shield-Bearer (level 2, 0/21 HPs)
             Began as an Octopode Fighter on Oct 1, 2023.
             Frozen to death by an endoplasm (2 damage)
             ... on level 1 of the Dungeon.
             The game lasted 00:00:10 (187 turns).

Kurtz the Shield-Bearer (Octopode Fighter)           Turns: 187, Time: 00:00:10

Health: 0/21       AC:  1    Str: 15    XL:     2   Next: 4%
Magic:  2/2        EV: 13    Int: 10    God:
Gold:   11         SH:  4    Dex: 11    Spells: 1/1 levels left

rFire   . . .        a - +0 war axe
rCold   . . .        b - +0 buckler
rNeg    . . .        (helmet restricted)
rPois   .            (no amulet)
rElec   .            (no ring)
rCorr   .            (no ring)
SInv    .            (no ring)
Will    .....        (no ring)
Stlth   ++           (no ring)
HPRegen 0.23/turn    (no ring)
MPRegen 0.08/turn    (no ring)
                     (no ring)

%: no passive effects
@: attractive, hasted, very quick
A: almost no armour, amphibious, 8 rings, camouflage 1, gelatinous body 1,
(nimble swimmer 1), tentacles
a: no special abilities


You were on level 1 of the Dungeon.
You visited 1 branch of the dungeon, and saw 1 of its levels.

You collected 11 gold pieces.

Inventory:

Hand Weapons
 a - a +0 war axe (weapon)
Armour
 b - a +0 buckler (worn)
Scrolls
 d - a scroll of enchant weapon {unknown}
Potions
 c - a potion of might


   Skills:
 - Level 3.0 Fighting
 * Level 2.7 Axes
 - Level 3.0 Dodging
 - Level 3.0 Shields


You had one spell level left.
You didn't know any spells.
Your spell library contained the following spells:

 Spells                   Type           Power      Damage    Failure   Level
 Scorch                   Fire           0%         2d5       58%         2
 Flame Wave               Conj/Fire      0%         2d4       99%         4
 Summon Cactus Giant      Summ           0%         N/A       100%        6


Dungeon Overview and Level Annotations

Branches:
Dungeon (1/15)

Altars:


Innate Abilities, Weirdness & Mutations

You cannot wear most types of armour.
You are amphibious.
You can wear up to eight rings at the same time.
Your skin changes colour to match your surroundings (Stealth+).
Your rubbery body absorbs attacks. (AC +1, EV +1)
((You are camouflaged when in or above water. (Stealth+)))
You have tentacles for arms and can constrict up to eight enemies at once.


Message History

Unknown command.
You are too injured to fight recklessly!
Unknown command.
You are too injured to fight recklessly!
The jackal closely misses you. x2; The jackal bites you.
The giant cockroach closely misses you. The endoplasm misses you.
You see here a hobgoblin corpse.
Unknown command.
You closely miss the jackal. You grab the jackal.
You hit the endoplasm but do no damage. You slash the jackal!
You kill the jackal!
You hit the giant cockroach.
You kill the giant cockroach!
You barely miss the jackal.
You constrict the jackal, but do no damage.
The jackal bites you.
* * * LOW HITPOINT WARNING * * *
You block the jackal's attack. You block the endoplasm's attack.
The jackal bites you.
* * * LOW HITPOINT WARNING * * *
The jackal bites you.
* * * LOW HITPOINT WARNING * * *
A dart slug comes into view.
You have reached level 2!
Unknown command.
Unknown command.
It was a potion of attraction.
You feel attractive to monsters.
You constrict the jackal.
The jackal struggles to escape constriction.
The jackal misses you. The endoplasm closely misses you.
The dart slug is attracted toward you.
Unknown command.
Unknown command.
It was a potion of haste.
You feel yourself speed up.
You constrict the jackal. You block the jackal's attack.
The jackal closely misses you. You block the jackal's attack.
The endoplasm freezes you.
You are frozen.
You die...

....#...##.#
....+.8.#..# ##.#.#
....#...##.# #ยง...
....#####..# #...#
###'#....#.# #...#
#.#..##..#.# #w..#
...........# #...#
#.#.###..#######hh.#####
#.#.###..#......@h......
..#............hJ.......
###..#####......!.......
###..# #######...#####
.....# #...# ####.#
#...# ## #.# #...# .#
#.# #...# .# #.# .#


You could see a dart slug, an endoplasm and 4 jackals.

Vanquished Creatures
  A giant cockroach (D:1)
  A hobgoblin (D:1)
  3 jackals (D:1)
  A rat (D:1)
6 creatures vanquished.

Notes
Turn   | Place    | Note
-------+----------+-------------------------------------------
     0 | D:1      | Kurtz the Octopode Fighter began the quest for the Orb.
     0 | D:1      | Reached XP level 1. HP: 16/16 MP: 1/1
   186 | D:1      | Reached XP level 2. HP: 1/21 MP: 2/2
   187 | D:1      | Frozen to death by an endoplasm

Illustrated notes

Levels and vault maps discovered:
D:1:      minmay_arrival_stair_chambers, layout_loops_cross,
          basic_ecumenical_altar

Action                     || total
---------------------------++-------
  Melee: War axe           ||     6
         Constrict         ||     1
    Use: Potion            ||     2
 Armour: Skin              ||     7
  Dodge: Dodged            ||    10
  Block: Buckler           ||     5

Table legend: (Time is in decaauts)
 A = Elapsed time spent in this place.
 B = Non-inter-level travel time spent in this place.
 C = Inter-level travel time spent in this place.
 D = Time resting spent in this place.
 E = Time spent auto-exploring this place.
 F = Levels seen in this place.
 G = Mean time per level.
                   A        B        C        D        E       F      G
               +--------+--------+--------+--------+--------+-----+--------+
         Total |    189 |    189 |      0 |      0 |    166 |   1 |  189.0 |
       Dungeon |    189 |    189 |      0 |      0 |    166 |   1 |  189.0 |
               +--------+--------+--------+--------+--------+-----+--------+

Top non-repeatable levels by time:
     D:1: 189 daAuts
